 Dungeon Crawl Stone Soup version 0.18.1-48-g4cf74bf (webtiles) character file.

81 Enwrom the Skirmisher (level 4, -6/41 HPs)
             Began as a Hill Orc Chaos Knight on Sept 1, 2016.
             Mangled by Kloppie's ghost (13 damage)
             ... on level 3 of the Dungeon.
             The game lasted 00:10:43 (2937 turns).

Enwrom the Skirmisher (Hill Orc Chaos Knight)       Turns: 2937, Time: 00:10:44

Health: -6/41      AC:  8    Str: 14 (15) XL:     4   Next: 42%
Magic:  4/4        EV: 10    Int: 10 (12) God:    Xom [....*.]
Gold:   91         SH:  0    Dex:  8 (10) Spells: 0 memorised, 3 levels left

rFire  + . .     SeeInvis .     a - +1 falchion (chaos)
rCold  x . .     Gourm    .     n - +0 ring mail
rNeg   . . .     Faith    .     (no shield)
rPois  .         Spirit   .     e - +2 hat
rElec  .         Dismiss  .     (no cloak)
rCorr  .         Reflect  .     (no gloves)
SustAt .         Harm     .     j - +0 pair of boots
MR     .....                    (no amulet)
Stlth  ..........               (no ring)
                                l - ring of fire

@: not resistant to hostile enchantments, extremely unstealthy
A: no striking features
a: Renounce Religion


You were on level 3 of the Dungeon.
You worshipped Xom.
You were a beloved toy of Xom.
You were hungry.

You visited 1 branch of the dungeon, and saw 3 of its levels.

You collected 91 gold pieces.

Inventory:

Hand Weapons
 a - a +1 falchion of chaos (weapon)
 f - a +0 hunting sling
Missiles
 g - 25 stones (quivered)
Armour
 b - a +2 leather armour
 e - a +2 hat (worn)
 j - a +0 pair of boots (worn)
 n - a +0 ring mail (worn)
Jewellery
 l - a ring of fire (left hand)
Wands
 h - a wand of confusion (6/48)
Scrolls
 d - 5 scrolls of remove curse
 q - a scroll of identify
Potions
 i - a potion of haste
Comestibles
 c - 3 bread rations
 k - a meat ration
 p - 2 chunks of flesh


   Skills:
 + Level 4.3 Fighting
 + Level 4.0 Long Blades
 + Level 3.0 Armour
 + Level 1.7 Dodging


You had 3 spell levels left.
You didn't know any spells.

Dungeon Overview and Level Annotations

Branches:
Dungeon (3/15)

Altars:
Dithmenos
Pakellas

Annotations:
D:3 Kloppie's ghost, amateur HOBe


Message History

Kloppie's ghost hits you.
* * * LOW HITPOINT WARNING * * *
Kloppie's ghost barely misses you.
You closely miss Kloppie's ghost.
Kloppie's ghost is lightly damaged.
Kloppie's ghost hits you but does no damage.
You closely miss Kloppie's ghost.
Kloppie's ghost is lightly damaged.
Kloppie's ghost hits you but does no damage.
Kloppie's ghost wails, "They lied to you.
The Dungeon just goes down and down forever."
You see here a fuming dark potion.
Throwing (i - inventory. (,) - cycle):
m - a throwing net (quivered)
Press: ? - help, Shift-Dir - straight line, f - Kloppie's ghost
Aim: Kloppie's ghost (lightly damaged, immune to nets)
You throw a throwing net. The throwing net hits Kloppie's ghost.
The net passes right through Kloppie's ghost!
Kloppie's ghost is lightly damaged.
Kloppie's ghost hits you!
You die...
Xom laughs nastily!

.#.#.# .#.#.#
.#.#.## #
......#### $#
......§§§# .#
###...##§#
###.###
##.###§#
#...<. #.#
#§########..#
# ..#
#......>.@W#
######
##########..#
.## #.....
..# ###.###
..# ... ..#
#... .## .##.
## .# #


You could see Kloppie's ghost.

Vanquished Creatures
  A howler monkey (D:1)
  A dart slug (D:2)
  A giant cockroach (D:2)
  4 goblins
  8 hobgoblins
  5 kobolds
  2 quokkas (D:3)
  A ball python (D:1)
  5 bats
  3 giant newts (D:1)
  8 rats
39 creatures vanquished.

Notes
Turn   | Place    | Note
--------------------------------------------------------------
     0 | D:1      | Enwrom the Hill Orc Chaos Knight began the quest for the Orb.
     0 | D:1      | Reached XP level 1. HP: 19/19 MP: 1/1
    39 | D:1      | XOM: divination: detect creatures
   222 | D:1      | XOM: harmless Air miscast
   453 | D:1      | Reached XP level 2. HP: 23/27 MP: 2/2
   520 | D:1      | Reached skill level 1 in Dodging
   858 | D:1      | Noticed a howler monkey
   866 | D:1      | Killed a howler monkey
   866 | D:1      | Reached XP level 3. HP: 32/33 MP: 3/3
  1337 | D:1      | XOM: divination: detect items
  1413 | D:1      | XOM: harmless Summ miscast
  1479 | D:2      | Reached XP level 4. HP: 39/40 MP: 4/4
  1604 | D:2      | XOM: divination: detect items
  1713 | D:2      | XOM: harmless Conj miscast
  1914 | D:2      | XOM: harmless Trmt miscast
  2137 | D:2      | XOM: colour smoke trail
  2480 | D:2      | XOM: scenery: 1 doors close
  2638 | D:2      | XOM: scenery: 1 doors close
  2659 | D:3      | Found an oddly glowing altar of Pakellas.
  2701 | D:3      | Found a shadowy altar of Dithmenos.
  2923 | D:3      | Noticed Kloppie's ghost (amateur HOBe)
  2937 | D:3      | Mangled by Kloppie's ghost

Skill      XL: |  1  2  3  4 |
---------------+-------------+-----
Dodging        | 1 |  1.7
Fighting       | 4 |  4.3
Long Blades    | 4 |  4.0
Armour         | 3 |  3.0

Action                   |  1- 3 |  4- 6 || total
-------------------------+-------+-------++-------
Melee: Falchion          |    63 |    48 ||   111
Throw: Throwing net      |       |     1 ||     1
  Use: Scroll            |     1 |     4 ||     5
       Potion            |     1 |     5 ||     6
  Eat: Meat ration       |     1 |       ||     1
       Chunk             |       |     1 ||     1
Armor: Leather armour    |    53 |    15 ||    68
       Ring mail         |       |     4 ||     4
Dodge: Dodged            |    60 |    42 ||   102
